 Dungeon Crawl Stone Soup version 0.31-a0-819-gf6de2f5ab6 (webtiles) character file.

Game seed: 16928963387293818800

2516 pokeman the Thaumaturge (level 9, -10/50 HPs)
             Began as a Deep Elf Hedge Wizard on Sept 23, 2023.
             Mangled by a swamp worm (17 damage)
             ... on level 8 of the Dungeon on Sept 24, 2023.
             The game lasted 00:16:03 (8141 turns).

pokeman the Thaumaturge (Deep Elf Hedge Wizard)     Turns: 8141, Time: 00:16:04

Health: -10/50     AC:  5    Str:  7    XL:     9   Next: 29%
Magic:  29/35      EV: 13    Int: 33    God:
Gold:   454        SH:  0    Dex: 14    Spells: 22/30 levels left

rFire   . . .        J - +7 rapier of Conformity {drain, rElec Int+3}
rCold   . . .        (no shield)
rNeg    + . .        N - +0 robe {rN+}
rPois   +            c - +0 hat
rElec   +            D - +0 cloak {rPois}
rCorr   .            (no gloves)
SInv    .            K - +1 pair of boots
Will    .....        (no amulet)
Stlth   ++           L - ring of magical power
HPRegen 0.28/turn    B - +6 ring of intelligence
MPRegen 0.24/turn

%: no passive effects
@: no status effects
A: no striking features
a: no special abilities


You were on level 8 of the Dungeon.
You visited 2 branches of the dungeon, and saw 9 of its levels.

You collected 454 gold pieces.

Inventory:

Hand Weapons
 C - a +2 quarterstaff of chaos
 J - the +7 rapier of Conformity (weapon) {drain, rElec Int+3}
   (You found it on level 5 of the Dungeon)

   Int+3:     It affects your intelligence (+3).
   rElec:     It insulates you from electricity.
Missiles
 o - 5 curare-tipped darts (quivered)
Armour
 c - a +0 hat (worn)
 r - a +1 cloak of preservation
 D - a +0 cloak of poison resistance (worn)
 K - a +1 pair of boots (worn)
 N - a +0 robe of positive energy (worn)
Magical Staves
 G - a staff of earth
Jewellery
 w - a ring of willpower
 B - a +6 ring of intelligence (right hand)
 E - a ring of fire
 L - a ring of magical power (left hand)
Wands
 a - a wand of charming (8)
 M - a wand of iceblast (11)
Scrolls
 g - a scroll of silence {unknown}
 h - 2 scrolls of fear {unknown}
 i - 2 scrolls of torment {unknown}
 k - a scroll of immolation {unknown}
 m - 2 scrolls of enchant armour {unknown}
 n - 4 scrolls of teleportation {unknown}
 q - 8 scrolls of identify {unknown}
 s - 2 scrolls of amnesia {unknown}
 y - a scroll of enchant weapon {unknown}
 z - 3 scrolls of poison {unknown}
 A - a scroll of blinking {unknown}
 H - 2 scrolls of vulnerability {unknown}
Potions
 d - 3 potions of magic
 e - 5 potions of haste {unknown}
 f - 5 potions of curing {unknown}
 j - a potion of cancellation {unknown}
 l - a potion of invisibility {unknown}
 p - 3 potions of mutation {unknown}
 t - 2 potions of resistance {unknown}
 u - 2 potions of might {unknown}
 v - 3 potions of attraction {unknown}
 x - a potion of lignification {unknown}
 I - a potion of degeneration {unknown}


   Skills:
 - Level 3.0 Fighting
 + Level 2.8 Armour
 - Level 3.0 Dodging
 - Level 3.0 Stealth
 * Level 11.2 Spellcasting
 + Level 6.1 Conjurations
 - Level 1.1 Summonings
 - Level 1.1 Translocations
 - Level 1.0 Air Magic
 + Level 5.4 Earth Magic
 - Level 1.0 Poison Magic
 - Level 1.0 Evocations


You had 22 spell levels left.
You knew the following spells:

 Your Spells              Type           Power      Damage    Failure   Level
a - Magic Dart            Conj           100%       1d8       1%          1
b - Mephitic Cloud        Conj/Pois/Air  36%        N/A       2%          3
c - Call Imp              Summ           50%        N/A       2%          2
d - Blink                 Tloc           50%        N/A       2%          2

Your spell library contained the following spells:

 Spells                   Type           Power      Damage    Failure   Level
 Slow                     Hex            72%        N/A       2%          1
 Cigotuvi's Dreadful Rot  Necr/Pois/Air  44%        N/A       3%          2
 Ozocubu's Armour         Ice            18%        N/A       8%          3
 Ozocubu's Refrigeration  Ice            9%         4d9       100%        7


Dungeon Overview and Level Annotations

Branches:
Dungeon (8/15)             Temple (1/1) D:7
   Lair: D:8-11

Altars:
Cheibriados
Dithmenos
Elyvilon
Hepliaklqana
Kikubaaqudgha
Makhleb
Nemelex Xobeh
Okawaru
Qazlal
Ru
Sif Muna
Trog
Uskayaw
Wu Jian
Xom
The Shining One

Shops:
D:8 (

Annotations:
D:8 1 runed translucent door


Message History

Aiming: Mephitic Cloud (dangerous; 2% risk of failure)
Press: ? - help, Shift-Dir - straight line, f - swamp worm
Aim: a swamp worm (lightly wounded, confused, chance to affect: 53%)
The ball explodes into a vile cloud!
The stinking cloud engulfs the swamp worm but does no damage.
The swamp worm is lightly wounded.
The stinking cloud engulfs you but does no damage.
The stinking cloud engulfs the swamp worm but does no damage.
The stinking cloud engulfs the plant but does no damage.
The plant is lightly damaged.
The stinking cloud engulfs the plant but does no damage.
The plant is lightly damaged.
The swamp worm is engulfed in noxious fumes.
The swamp worm bites the plant.
Unknown command.
A nearby plant withers and dies.
The swamp worm is engulfed in noxious fumes.
The swamp worm closely misses the swamp worm.
The swamp worm is engulfed in noxious fumes.
The swamp worm appears confused.
The swamp worm is engulfed in noxious fumes.
The swamp worm appears confused.
The swamp worm is engulfed in noxious fumes.
The swamp worm barely misses the swamp worm.
The swamp worm bites the swamp worm!
The swamp worm is engulfed in noxious fumes.
Unknown command.
A nearby plant withers and dies.
Casting: Mephitic Cloud (dangerous; 2% risk of failure)
Confirm with . or Enter, or press ? or * to list all spells.
Aiming: Mephitic Cloud (dangerous; 2% risk of failure)
Press: ? - help, Shift-Dir - straight line, f/p - swamp worm
Aim: a swamp worm (lightly wounded, confused, chance to affect: 53%)
The ball explodes into a vile cloud!
The stinking cloud engulfs the swamp worm but does no damage.
The swamp worm is lightly wounded.
The stinking cloud engulfs you but does no damage.
The swamp worm is engulfed in noxious fumes.
The swamp worm appears confused.
The swamp worm bites you!
You die...

... ...# #.# #.# .#.# #.#
#.########~~~~ #.#
#........~~≈~≈ #.# #......~~~~#
# #.# #...w.~~≈# #~### #.#
#☼☼...~~~#~}~~~#
############.###§w○..~~~~~~~}~~
..............##@###.~~~#~~~~~#
≈ ###.########..##.#
##~~≈###~###~~ #.## #..##.#
##~~~~###~~~~ #..#
#..##.######.~~≈~≈~~# ##.#
#............#~~~~~## ##.##
#..#.#######.#)#####.. #8.8#
#............#.......# ##+##
##...........#.####### #K#
#######.###.#.#


You could see 2 swamp worms.

Vanquished Creatures
  Psyche (D:8)
  A wraith (D:8)
  2 orc warriors
  A sky beast (D:7)
  2 black bears
  3 ogres
  A centaur (D:7)
  A phantom (D:4)
  3 bullfrogs
  3 scorpions
  5 wights
  A howler monkey (D:6)
  2 jellies (D:6)
  A crimson imp (D:6)
  2 hounds
  Crazy Yiuf (D:3)
  Jessica (D:2)
  2 orc wizards
  3 sleepcaps
  3 gnolls (D:4)
  5 adders
  3 white imps
  A worm (D:3)
  22 orcs
  6 endoplasms
  4 giant cockroaches
  4 goblins
  8 hobgoblins
  6 kobolds
  A quokka (D:5)
  3 ball pythons
  12 bats
  8 rats
122 creatures vanquished.

Vanquished Creatures (collateral kills)
  A wight (D:7)
  A worm (D:2)
  A bat (D:2)
  A butterfly (D:7)
4 creatures vanquished.

Grand Total: 126 creatures vanquished

Notes
Turn   | Place    | Note
-------+----------+-------------------------------------------
     0 | D:1      | pokeman the Deep Elf Hedge Wizard began the quest for the
                  | Orb.
     0 | D:1      | Reached XP level 1. HP: 10/10 MP: 7/7
   150 | D:1      | Found a faded altar of an unknown god.
   239 | D:1      | Reached XP level 2. HP: 13/15 MP: 3/9
   983 | D:2      | Noticed Jessica
   992 | D:2      | Killed Jessica
   993 | D:2      | Reached skill level 5 in Spellcasting
   993 | D:2      | Reached XP level 3. HP: 10/20 MP: 1/11
  1001 | D:1      | Learned a level 3 spell: Mephitic Cloud
  1004 | D:1      | Learned a level 2 spell: Call Imp
  1007 | D:1      | Learned a level 2 spell: Blink
  1124 | D:2      | Reached skill level 1 in Fighting
  1262 | D:2      | Reached skill level 1 in Armour
  1428 | D:2      | Reached XP level 4. HP: 25/25 MP: 1/13
  2366 | D:3      | Found a shimmering altar of Xom.
  2734 | D:3      | Found a snail-covered altar of Cheibriados.
  2960 | D:3      | Found a runed translucent door.
  2961 | D:3      | Noticed Crazy Yiuf
  3036 | D:3      | Killed Crazy Yiuf
  3037 | D:3      | Reached skill level 6 in Spellcasting
  3037 | D:3      | Reached XP level 5. HP: 18/29 MP: 5/15
  3704 | D:4      | Noticed a phantom
  3715 | D:4      | Killed a phantom
  3879 | D:4      | Reached skill level 1 in Earth Magic
  3879 | D:4      | Reached skill level 1 in Poison Magic
  4054 | D:5      | Entered Level 5 of the Dungeon
  4062 | D:5      | Reached skill level 1 in Air Magic
  4062 | D:5      | Reached skill level 1 in Evocations
  4062 | D:5      | Reached XP level 6. HP: 33/34 MP: 9/17
  4137 | D:5      | Reached skill level 7 in Spellcasting
  4269 | D:5      | Reached XP level 7. HP: 23/39 MP: 6/19
  4273 | D:5      | Identified the +7 rapier of Conformity {drain, rElec Int+3}
  5093 | D:6      | Reached skill level 8 in Spellcasting
  5451 | D:6      | Found a hide-covered altar of Uskayaw.
  5451 | D:6      | Found an ancient bone altar of Kikubaaqudgha.
  5640 | D:6      | Reached XP level 8. HP: 44/45 MP: 18/22
  6044 | D:6      | Reached skill level 9 in Spellcasting
  6302 | D:7      | Found a staircase to the Ecumenical Temple.
  6362 | Temple   | Found a transporter.
  6362 | Temple   | Found a transporter.
  6362 | Temple   | Found a transporter.
  6362 | Temple   | Found a transporter.
  6362 | Temple   | Entered the Ecumenical Temple
  6498 | D:7      | Found an ornate altar of the Wu Jian Council.
  6511 | D:7      | Reached skill level 5 in Conjurations
  6896 | D:7      | Reached skill level 10 in Spellcasting
  7588 | D:8      | Found Erixig's Weapon Shop.
  7588 | D:8      | Noticed Psyche
  7599 | D:8      | Killed Psyche
  7600 | D:8      | Reached skill level 5 in Earth Magic
  7600 | D:8      | Reached XP level 9. HP: 50/50 MP: 24/25
  7806 | D:8      | Reached skill level 11 in Spellcasting
  7930 | D:8      | Found a runed translucent door.
  7960 | D:8      | HP: 1/50 [kobold brigand/+0 dagger (5)]
  8141 | D:8      | Mangled by a swamp worm

Illustrated notes

Levels and vault maps discovered:
D:1:      minmay_arrival_jagged, layout_basic, shapermc_ecumenical_altar_gd
D:2:      layout_rooms, minmay_misc_feat_pillars, uniq_jessica
D:3:      minmay_door_path, layout_loops_corners,
          mainiacjoe_overflow_surrounded_room, xom_butterflies,
          uniq_crazy_yiuf_cottage
D:4:      layout_rooms
D:5:      layout_basic, nicolae_figureground_pulse
D:6:      layout_basic, gammafunk_temple_overflow_pools, minmay_fire_ice_demons
D:7:      layout_cave_pods, mainiacjoe_overflow_cross_hatched,
          minmay_temple_entry_butterflies
D:8:      due_megacathedral, layout_basic, serial_shops, nicolae_shop_trees,
          worms_lemuel, uniq_psyche, uniq_amaemon
Temple:   hellmonk_temple_divided_pantheon

Skill      XL: |  1  2  3  4  5  6  7  8  9 |
---------------+----------------------------+-----
Spellcasting   | 5 6 7 8 10 11 | 11.2
Fighting       | 1 2 3 |  3.0
Armour         | 1 2 |  2.8
Conjurations   | 2 3 4 5 6 |  6.1
Dodging        | 3 |  3.0
Stealth        | 3 |  3.0
Earth Magic    | 1 2 3 5 |  5.4
Poison Magic   | 1 |  1.0
Air Magic      | 1 |  1.0
Evocations     | 1 |  1.0
Summonings     | |  1.1
Translocations | |  1.1

Action                     |  1- 3 |  4- 6 |  7- 9 || total
---------------------------+-------+-------+-------++-------
  Melee: Dagger            |       |    21 |       ||    21
         Punch             |       |     1 |     1 ||     2
         Mace              |       |    18 |     2 ||    20
         Rapier            |       |       |    88 ||    88
  Throw: Dart              |       |     6 |       ||     6
   Cast: Magic Dart        |    74 |   113 |   152 ||   339
         Call Imp          |     1 |     5 |     7 ||    13
         Mephitic Cloud    |     1 |    12 |    19 ||    32
         Blink             |       |     1 |     3 ||     4
  Evoke: Wand              |       |       |     6 ||     6
   Stab: Confused          |       |     1 |     7 ||     8
         Sleeping          |       |       |     1 ||     1
 Armour: Robe              |    11 |    39 |    69 ||   119
  Dodge: Dodged            |    13 |    35 |    78 ||   126

Table legend: (Time is in decaauts)
 A = Elapsed time spent in this place.
 B = Non-inter-level travel time spent in this place.
 C = Inter-level travel time spent in this place.
 D = Time resting spent in this place.
 E = Time spent auto-exploring this place.
 F = Levels seen in this place.
 G = Mean time per level.
                   A        B        C        D        E       F      G
               +--------+--------+--------+--------+--------+-----+--------+
         Total |   8199 |   8075 |    124 |    164 |   6702 |   9 |  911.0 |
       Dungeon |   8174 |   8050 |    124 |    164 |   6702 |   8 | 1021.8 |
        Temple |     25 |     25 |      0 |      0 |      0 |   1 |   25.0 |
               +--------+--------+--------+--------+--------+-----+--------+

Top non-repeatable levels by time:
     D:3: 1478 daAuts
     D:7: 1348 daAuts
     D:6: 1260 daAuts
     D:1: 1047 daAuts
     D:5: 894 daAuts
     D:2: 886 daAuts
     D:4: 641 daAuts
     D:8: 615 daAuts
  Temple: 25 daAuts
